 Dungeon Crawl Stone Soup version 0.25.0-41-g26779e291d (webtiles) character file.

Game seed: 1885083545430959288

22324 KleinerIrrer the Brawler (level 12, -9/54 HPs)
             Began as a Vine Stalker Monk on July 10, 2020.
             Was a High Priest of Hepliaklqana.
             Killed from afar by a manticore (13 damage)
             ... with a volley of spikes
             ... on level 14 of the Dungeon.
             The game lasted 00:30:58 (10866 turns).

KleinerIrrer the Brawler (Vine Stalker Monk)       Turns: 10866, Time: 00:30:58

Health: -9/54      AC:  7    Str: 19    XL:     12   Next: 99%
Magic:  0/22       EV: 17    Int: 10    God:    Hepliaklqana [*****.]
Gold:   632        SH:  5    Dex: 17    Spells: 11/11 levels left

rFire    + + .     SeeInvis .     - Unarmed
rCold    . . .     Gourm    .   (no shield)
rNeg     + . .     Faith    .   n - +2 robe {rF+}
rPois    .         Spirit   +   I - +0 hat
rElec    .         Reflect  +   u - scarf {repulsion}
rCorr    .         Harm     .   g - +2 pair of gloves
MR       +....                  (no boots)
Stlth    ++........             p - amulet of reflection
HPRegen  0.98/turn              P - ring of positive energy
MPRegen  0.18/turn              N - ring of magical power

@: barbed spikes, repel missiles
A: reduced essence, antennae 1, fangs 3, talons 1, fire resistance 1,
regeneration 2, magic shield, antimagic bite, no potion heal 3, rot immunity,
subdued magic 1
a: Recall Ancestor, Ancestor Identity, Transference, Idealise, Renounce Religion


You were on level 14 of the Dungeon.
You worshipped Hepliaklqana.
Hepliaklqana was extremely pleased with you.
You were not hungry.

You visited 1 branch of the dungeon, and saw 14 of its levels.

You collected 723 gold pieces.
You spent 91 gold pieces at shops.

Inventory:

Missiles
 A - 14 javelins (quivered)
 Q - 6 silver javelins
Armour
 g - a +2 pair of gloves (worn)
 n - a +2 robe of fire resistance (worn)
 s - a +1 helmet
 u - a scarf of repulsion (worn)
 w - a +2 pair of boots
 I - a +0 hat (worn)
 L - +0 ice dragon scales
Jewellery
 a - an uncursed ring of protection from cold
 p - an amulet of reflection (around neck)
 y - a +6 ring of strength
 z - an uncursed ring of fire
 B - an uncursed ring of ice
 C - an uncursed amulet of faith {unknown}
 N - a ring of magical power (right hand)
 O - an uncursed amulet of magic regeneration {unknown}
 P - a ring of positive energy (left hand)
Wands
 G - a wand of iceblast (6)
 J - a wand of paralysis (19)
Scrolls
 e - a scroll of enchant weapon
 f - 4 scrolls of teleportation
 i - 2 scrolls of random uselessness {unknown}
 l - 2 scrolls of immolation {unknown}
 m - 6 scrolls of remove curse
 o - a scroll of noise {unknown}
 q - 2 scrolls of fog
 r - 2 scrolls of magic mapping {unknown}
 t - 2 scrolls of fear
 D - 2 scrolls of amnesia {unknown}
 F - 6 scrolls of identify
 H - a scroll of blinking {unknown}
 K - 3 scrolls of enchant armour {unknown}
 M - 2 scrolls of silence {unknown}
Potions
 c - 8 potions of curing
 d - 3 potions of flight
 h - 2 potions of mutation
 j - 2 potions of lignification
 k - 2 potions of stabbing
 v - 2 potions of might
 x - a potion of ambrosia
 E - a potion of magic {unknown}
 R - a potion of resistance {unknown}
 T - a potion of haste {unknown}
Comestibles
 b - 20 rations
 S - 12 chunks of flesh


   Skills:
 + Level 5.2 Fighting
 * Level 4.7 Armour
 + Level 6.9 Dodging
 - Level 2.4 Stealth
 + Level 17.3 Unarmed Combat
 + Level 1.0 Evocations


You had 11 spell levels left.
You didn't know any spells.
Your spell library contained the following spells:

 Spells                   Type           Power        Failure   Level  Hunger
 Magic Dart               Conj           #...         32%         1    ##.....
 Sandblast                Erth           #.....       32%         1    ##.....
 Blink                    Tloc           N/A          45%         2    ###....
 Call Imp                 Summ           #.......     45%         2    ###....
 Passwall                 Tmut/Erth      #.......     45%         2    ###....
 Slow                     Hex            #.......     45%         2    ###....
 Confusing Touch          Hex            #.......     71%         3    ####...
 Conjure Flame            Conj/Fire      #.......     71%         3    ####...
 Gell's Gravitas          Tloc           #.........   71%         3    ####...
 Mephitic Cloud           Conj/Pois/Air  #.......     71%         3    ####...
 Stone Arrow              Conj/Erth      #.....       71%         3    ####...
 Petrify                  Tmut/Erth      #.......     98%         4    #####..
 Lee's Rapid Deconstruct  Erth           #.........   100%        5    ######.
 Metabolic Englaciation   Hex/Ice        #.........   100%        5    ######.
 Yara's Violent Unravell  Hex/Tmut       #.........   100%        5    ######.


Dungeon Overview and Level Annotations

Branches:
Dungeon (14/15)            Temple (0/1) D:6            Lair (0/6) D:10
    Orc (0/2) D:12         Vaults (0/5) D:13

Altars:
Dithmenos
Fedhas
Hepliaklqana
Kikubaaqudgha
Okawaru
Qazlal
Ru
Sif Muna
Uskayaw
Vehumet
Wu Jian
The Shining One

Shops:
D:4 !   D:10 *   D:11 =


Innate Abilities, Weirdness & Mutations

You have razor-sharp teeth.
You heal very quickly.
When hurt, damage is shared between your health and your magic reserves.
Your bite disrupts and absorbs the magic of your enemies.
Potions cannot restore your health.
You are immune to rotting.
Your life essence is reduced to manifest your ancestor. (-10% HP)
You have a pair of small antennae on your head.
You have sharp toenails.
Your flesh is heat resistant. (rF+)
Your spells are a little easier to cast, but a little less powerful.


Message History

Okay, then.
You punch the manticore! You claw the manticore. You bite the manticore.
You drain its power.
You feel invigorated.
The manticore is heavily wounded.
Unknown command.
You hit the manticore. You claw the manticore. You bite the manticore!
You drain its power.
You feel invigorated.
The manticore is almost dead.
The manticore bites you!
* * * LOW HITPOINT WARNING * * *
The manticore claws you!
* * * LOW HITPOINT WARNING * * *
The manticore claws you but does no damage.
You block the manticore's attack. The manticore closely misses you.
The manticore claws you.
* * * LOW HITPOINT WARNING * * *
The manticore flicks its tail.
The volley of spikes hits you!
The barbed spikes become lodged in your body.
You die...

##........#
..........#
##........#
..........#
###.......#
#.......††#
......H...#
..........#
..##...@..#
#.######
... ##. .
#.


You could see a manticore.

Vanquished Creatures
  Gastronok (D:9)
  A hydra (D:11)
  A centaur warrior (D:13)
  3 two-headed ogres
  An ogre mage (D:13)
  A tengu warrior (D:13)
  4 unseen horrors
  Pikel (D:5)
  Maurice (D:9)
  Joseph (D:9)
  A gargoyle (D:13)
  A tengu conjurer (D:13)
  2 trolls
  A hornet (D:8)
  6 hippogriffs
  Sigmund (D:2)
  2 wyverns
  A shadow (D:14)
  6 yaks (D:11)
  11 vampire mosquitoes
  A hungry ghost (D:8)
  2 soldier ants
  2 ice beasts
  7 orc warriors
  4 sky beasts
  3 slaves (D:5)
  2 phantoms
  4 ogres
  6 centaurs
  A crocodile (D:10)
  2 big kobolds
  9 bullfrogs
  A gnoll sergeant (D:10)
  A wyvern skeleton (D:9)
  4 scorpions
  3 jellies
  2 killer bees (D:9)
  A howler monkey (D:9)
  2 vampire bats (D:5)
  5 crimson imps
  2 bullfrog zombies
  2 quasits
  3 centaur zombies
  6 hounds
  6 orc priests
  Crazy Yiuf (D:3)
  2 centaur skeletons
  5 orc wizards
  2 bullfrog skeletons
  Jessica (D:2)
  3 iguanas
  9 worker ants
  A killer bee zombie (D:3)
  A hound skeleton (D:10)
  2 worker ant zombies
  4 gnolls (D:10)
  10 adders
  3 shadow imps
  5 oozes
  An adder zombie (D:5)
  An adder skeleton (D:5)
  2 worms
  A dart slug (D:1)
  2 leopard geckos
  33 orcs
  6 bats
  3 bat skeletons (D:5)
  2 bat zombies (D:5)
  3 giant cockroaches
  7 goblins
  10 hobgoblins
  7 jackals
  2 quokkas
  7 frilled lizards
  22 kobolds
  13 rats
299 creatures vanquished.

Vanquished Creatures (collateral kills)
  An unseen horror (D:12)
  A cyclops (D:10)
  A hornet (D:8)
  2 yaks (D:11)
  A sky beast (D:6)
  A phantom (D:11)
  2 centaurs
  A scorpion (D:9)
  A killer bee (D:9)
  A vampire bat (D:5)
  A worker ant (D:5)
  An orc wizard (D:9)
  A hound skeleton (D:5)
  An adder zombie (D:5)
  2 worms
  A dart slug (D:3)
  11 orcs
  A bat skeleton (D:5)
  A goblin (D:3)
  2 jackals (D:3)
  A kobold (D:8)
  A rat (D:3)
36 creatures vanquished.

Vanquished Creatures (others)
  4 hexers
4 creatures vanquished.

Grand Total: 339 creatures vanquished

Notes
Turn   | Place    | Note
-------+----------+-------------------------------------------
     0 | D:1      | KleinerIrrer the Vine Stalker Monk began the quest for the
                  | Orb.
     0 | D:1      | Reached XP level 1. HP: 11/11 MP: 2/2
   268 | D:1      | Reached XP level 2. HP: 14/16 MP: 3/3
   395 | D:1      | Reached skill level 4 in Unarmed Combat
   457 | D:1      | Reached XP level 3. HP: 16/19 MP: 4/4
  1166 | D:2      | Found a glowing golden altar of the Shining One.
  1182 | D:2      | Noticed Jessica
  1190 | D:2      | Killed Jessica
  1190 | D:2      | Reached skill level 5 in Unarmed Combat
  1190 | D:2      | Gained mutation: Your natural rate of healing is unusually
                  | fast. [Vine Stalker growth]
  1190 | D:2      | Reached XP level 4. HP: 17/23 MP: 5/5
  1313 | D:2      | Found a radiant altar of Vehumet.
  1412 | D:2      | Found a hazy altar of Hepliaklqana.
  1452 | D:2      | Noticed Sigmund
  1480 | D:2      | Became a worshipper of Hepliaklqana the Forgotten
  1480 | D:2      | Reached * piety under Hepliaklqana
  1480 | D:2      | Reached ** piety under Hepliaklqana
  1481 | D:2      | Remembered your ancestor Friðuswiþ as a hexer
  1498 | D:2      | Killed Sigmund
  1498 | D:2      | Reached skill level 6 in Unarmed Combat
  1498 | D:2      | Reached XP level 5. HP: 9/24 MP: 1/6
  1498 | D:2      | Reached XP level 6. HP: 11/28 MP: 1/7
  1813 | D:3      | Found a shadowy altar of Dithmenos.
  1910 | D:3      | Reached skill level 7 in Unarmed Combat
  1983 | D:3      | Found a runed translucent door.
  1984 | D:3      | Noticed Crazy Yiuf
  2228 | D:3      | Found a sacrificial altar of Ru.
  2555 | D:3      | Killed Crazy Yiuf
  2645 | D:4      | Reached XP level 7. HP: 15/31 MP: 8/8
  2698 | D:4      | Reached skill level 8 in Unarmed Combat
  3018 | D:4      | Found an ornate altar of the Wu Jian Council.
  3102 | D:4      | Found Vaeroanlo's Distillery.
  3113 | D:4      | Bought a potion of curing for 39 gold pieces
  3113 | D:4      | Bought a potion of might for 52 gold pieces
  3229 | D:4      | Reached skill level 9 in Unarmed Combat
  3271 | D:5      | Entered Level 5 of the Dungeon
  3292 | D:5      | Gained mutation: You have razor-sharp teeth. [Vine Stalker
                  | growth]
  3292 | D:5      | Reached XP level 8. HP: 32/35 MP: 7/9
  3320 | D:5      | Reached *** piety under Hepliaklqana
  3501 | D:5      | Reached skill level 10 in Unarmed Combat
  3517 | D:5      | Found a stormy altar of Qazlal.
  3529 | D:5      | Noticed Pikel
  3601 | D:5      | Killed Pikel
  3601 | D:5      | Reached skill level 11 in Unarmed Combat
  3659 | D:5      | Found an ancient bone altar of Kikubaaqudgha.
  3684 | D:5      | Reached XP level 9. HP: 36/38 MP: 10/10
  3948 | D:6      | Found a staircase to the Ecumenical Temple.
  3961 | D:6      | Found a blossoming altar of Fedhas.
  4415 | D:6      | Reached skill level 12 in Unarmed Combat
  4498 | D:7      | Reached **** piety under Hepliaklqana
  5081 | D:7      | Found a hide-covered altar of Uskayaw.
  5689 | D:8      | Noticed a hornet
  5691 | D:8      | Noticed a hornet
  5702 | D:8      | Killed a hornet
  5789 | D:8      | Killed a hornet
  5789 | D:8      | Reached skill level 13 in Unarmed Combat
  5895 | D:8      | Found an iron altar of Okawaru.
  6095 | D:8      | Reached XP level 10. HP: 40/44 MP: 9/11
  6401 | D:8      | Gained mutation: Your spells are a little easier to cast,
                  | but a little less powerful. [potion of mutation]
  6401 | D:8      | Gained mutation: Your flesh is heat resistant. (rF+)
                  | [potion of mutation]
  6401 | D:8      | Gained mutation: You have sharp toenails. [potion of
                  | mutation]
  6401 | D:8      | Gained mutation: You have a pair of small antennae on your
                  | head. [potion of mutation]
  6912 | D:9      | Reached ***** piety under Hepliaklqana
  6967 | D:9      | Noticed Gastronok
  6970 | D:9      | Noticed Maurice
  6988 | D:9      | Noticed Joseph
  7144 | D:9      | Reached skill level 14 in Unarmed Combat
  7154 | D:9      | Killed Joseph
  7155 | D:9      | Killed Maurice
  7316 | D:9      | Killed Gastronok
  7316 | D:9      | Reached skill level 15 in Unarmed Combat
  7316 | D:9      | Reached XP level 11. HP: 41/46 MP: 12/12
  7477 | D:9      | Found a shimmering blue altar of Sif Muna.
  7581 | D:10     | Entered Level 10 of the Dungeon
  7593 | D:10     | Found a staircase to the Lair.
  7759 | D:10     | Found Veps's General Store.
  7765 | D:10     | Reached skill level 5 in Dodging
  7928 | D:10     | Killed an unseen horror
  7928 | D:10     | Reached skill level 1 in Armour
  8015 | D:10     | Noticed a cyclops
  8019 | D:10     | Killed a cyclops
  8064 | D:10     | You fall into a shaft and drop 1 floor!
  8272 | D:11     | Noticed a six-headed hydra
  8287 | D:10     | HP: 2/47 [vampire mosquito (9)]
  8477 | D:11     | Killed an unseen horror
  8556 | D:11     | Killed a six-headed hydra
  8662 | D:11     | Noticed a two-headed ogre
  8672 | D:11     | Killed a two-headed ogre
  8672 | D:11     | Reached skill level 16 in Unarmed Combat
  8690 | D:11     | Found Ivor's Jewellery Shoppe.
  8718 | D:11     | Killed an unseen horror
  8890 | D:11     | Gained mutation: You heal very quickly. [Vine Stalker
                  | growth]
  8890 | D:11     | Reached XP level 12. HP: 51/52 MP: 13/13
  9424 | D:12     | Found a staircase to the Orcish Mines.
  9437 | D:12     | Reached skill level 1 in Evocations
 10342 | D:13     | Noticed a tengu warrior
 10351 | D:13     | Killed a tengu warrior
 10405 | D:13     | Noticed a centaur warrior
 10415 | D:13     | Killed a centaur warrior
 10415 | D:13     | Reached skill level 17 in Unarmed Combat
 10441 | D:13     | Noticed a two-headed ogre
 10455 | D:13     | Found a gate to the Vaults.
 10455 | D:13     | Noticed a two-headed ogre
 10457 | D:13     | Noticed an ogre mage
 10467 | D:13     | Killed a two-headed ogre
 10467 | D:13     | Reached skill level 5 in Fighting
 10475 | D:13     | Killed an ogre mage
 10491 | D:13     | Killed a two-headed ogre
 10866 | D:14     | Killed from afar by a manticore

Illustrated notes

Levels and vault maps discovered:
D:1:      minmay_arrival_solitary_statue, layout_basic, kennysheep_doodads
D:2:      layout_rooms, old_standard_altar, lemuel_crystal_altar,
          overflow_temple_1_default, wad_floor_pattern_1, uniq_sigmund,
          uniq_jessica
D:3:      layout_basic, lemuel_coloured_pillars_altar,
          grunt_dithmenos_smoke_and_mirrors, first_ration, st_stairs_1,
          uniq_crazy_yiuf_cottage
D:4:      layout_gridville, kennysheep_little_box, serial_forest,
          infiniplex_forest_clump_tiny, infiniplex_forest_split,
          infiniplex_forest_clump_small, infiniplex_forest_lined_corner,
          infiniplex_forest_straight_3, infiniplex_forest_clump_small,
          kennysheep_small_circle
D:5:      layout_gridville, nicolae_overflow_crystal_walls,
          kennysheep_vampire_church, uniq_pikel
D:6:      layout_gridville, fedhas_bush_and_centaur_altar,
          nicolae_overflow_hidden_temple, minmay_temple_entry_overgrown,
          lightli_corner_chamber
D:7:      layout_layer_cave, eat_drink_and_be_merry_uskayaw
D:8:      layout_gridville, okawaru_ov_weapons_minmay, hangedman_pestilent_swarm
D:9:      layout_cave_pools, tgw_sif, uniq_gastronok, uniq_joseph, uniq_maurice
D:10:     layout_gridville, lair_entry_dummy, serial_shops, shop, minivault_20,
          lightli_minifort
D:11:     minmay_general_purpose_star, layout_cave_pools, serial_shops, shop,
          kennysheep_decorative_pillar, chequers_serial_rivers_marsh
D:12:     layout_basic, david_orc_2, small_statue_alley_a
D:13:     layout_roguey, david_vaults_2
D:14:     minmay_open_boxes_in_corner, layout_irregular_city,
          chequers_serial_rivers_room_a, serial_shops, nicolae_shop_crystal,
          minmay_misc_feat_x

Skill      XL: |  1  2  3  4  5  6  7  8  9 10 11 12 |
---------------+-------------------------------------+-----
Unarmed Combat | 4 5 6 7 9 11 13 15 16 17 | 17.3
Dodging        | 3 4 5 6 |  6.9
Fighting       | 3 4 5 |  5.2
Armour         | 2 4 |  4.7
Evocations     | 1 |  1.0
Stealth        | |  2.4

Action                   |  1- 3 |  4- 6 |  7- 9 | 10-12 || total
-------------------------+-------+-------+-------+-------++-------
Melee: Unarmed           |    94 |   152 |   273 |   424 ||   943
       Bite              |    15 |    46 |    81 |   152 ||   294
       Punch             |     1 |     2 |    16 |    45 ||    64
       Kick              |       |       |       |   125 ||   125
Throw: Javelin           |       |       |     1 |    12 ||    13
Invok: Ancestor Life: He |       |     1 |       |       ||     1
       Recall Ancestor   |       |     1 |     1 |     3 ||     5
Evoke: Wand              |       |       |       |     6 ||     6
  Use: Scroll            |     1 |     4 |     7 |     3 ||    15
       Potion            |       |     2 |       |     1 ||     3
 Stab: Sleeping          |     4 |     6 |     8 |     3 ||    21
       Distracted        |       |     2 |     4 |     8 ||    14
       Confused          |       |       |     4 |     6 ||    10
       Paralysed         |       |       |       |     3 ||     3
  Eat: Chunk             |     1 |     5 |     7 |    16 ||    29
       Ration            |       |       |     1 |       ||     1
Armor: Robe              |    20 |    41 |    66 |    91 ||   218
       Skin              |       |     2 |       |       ||     2
Dodge: Dodged            |    43 |    84 |   142 |   231 ||   500
       Repelled          |       |       |     8 |    10 ||    18
Block: Other             |       |     2 |    62 |    93 ||   157
       Reflection        |       |       |     6 |     5 ||    11
